 Dungeon Crawl Stone Soup version 0.21.0 (webtiles) character file.

79 pstr the Magician (level 4, -3/21 HPs)
             Began as a Spriggan Earth Elementalist on Jan 7, 2018.
             Hit by a stone thrown by an orc warrior (6 damage)
             ... on level 2 of the Dungeon.
             The game lasted 00:06:09 (2665 turns).

pstr the Magician (Spriggan Earth Elementalist)     Turns: 2665, Time: 00:06:10

Health: -3/21      AC:  2    Str:  4    XL:     4   Next: 16%
Magic:  2/10       EV: 18    Int: 17    God:
Gold:   49         SH:  0    Dex: 16    Spells: 6/10 levels left

rFire    + . .     SeeInvis +   q - +0 short sword
rCold    x . .     Gourm    .   (shield restricted)
rNeg     . . .     Faith    .   o - +0 animal skin
rPois    .         Spirit   .   (helmet restricted)
rElec    .         Reflect  .   (no cloak)
rCorr    .         Harm     .   (gloves unavailable)
MR       .....                  (boots unavailable)
Stlth    ++........             (no amulet)
HPRegen  0.07/turn              n - ring of fire
MPRegen  0.12/turn              p - +1 ring of slaying

@: very slightly contaminated, very quick
A: very small, unfitting armour, see invisible, herbivore, speed 3, slow
metabolism 2
a: no special abilities


You were on level 2 of the Dungeon.
You were very hungry.

You visited 1 branch of the dungeon, and saw 2 of its levels.

You collected 49 gold pieces.

Inventory:

Hand Weapons
 q - a +0 short sword (weapon)
Missiles
 b - 26 stones (quivered)
Armour
 c - a +0 robe
 o - a +0 animal skin (worn)
Jewellery
 n - a ring of fire (left hand)
 p - a +1 ring of slaying (right hand)
Scrolls
 g - 2 scrolls of identify {unknown}
 h - a scroll of magic mapping {unknown}
 j - a scroll of amnesia {unknown}
 k - a scroll of enchant weapon {unknown}
 l - a scroll of enchant armour {unknown}
 m - 2 scrolls of teleportation {unknown}
 r - a scroll of noise {unknown}
 s - 3 scrolls of immolation {unknown}
Potions
 a - a potion of berserk rage {unknown}
 f - a potion of heal wounds {unknown}
 i - a potion of resistance {unknown}
 t - a potion of curing {unknown}
Books
 e - a book of Geomancy

   Spells                             Type                      Level
   a - Sandblast                      Earth                        1
   b - Passwall                       Transmutation/Earth          2
   c - Stone Arrow                    Conjuration/Earth            3
   d - Petrify                        Transmutation/Earth          4
   e - Lee's Rapid Deconstruction     Earth                        5
Comestibles
 d - 5 rations


   Skills:
 + Level 3.2 Dodging
 + Level 3.4 Stealth
 + Level 3.9 Spellcasting
 + Level 0.1 Conjurations
   Level 1.3 Transmutations
 + Level 3.8 Earth Magic


You had 6 spell levels left.
You knew the following spells:

 Your Spells              Type           Power        Failure   Level  Hunger
a - Sandblast             Erth           ###...       3%          1    None
b - Stone Arrow           Conj/Erth      ##....       22%         3    ###....


Dungeon Overview and Level Annotations

Branches:
Dungeon (2/15)

Altars:


Innate Abilities, Weirdness & Mutations

You are very small and have problems with some larger weapons.
You are too small for most types of armour.
You have supernaturally acute eyesight. (SInv)
You are a herbivore.
You cover ground extremely quickly.
You need consume almost no food.


Message History

The orc warrior throws a stone.
The stone misses you.
Casting: Stone Arrow
Confirm with . or Enter, or press ? or * to list all spells.
Aiming: Sandblast
Press: ? - help, Shift-Dir - straight line, f/p - orc warrior
Aim: an orc warrior, wielding a dire flail and wearing a chain mail The blast of sand misses the orc warrior.
b - 27 stones The orc warrior throws a stone.
The stone hits you!!
Ouch! That really hurt!
* * * LOW HITPOINT WARNING * * *
Casting: Sandblast
Confirm with . or Enter, or press ? or * to list all spells.
Aiming: Sandblast
Press: ? - help, Shift-Dir - straight line, f/p - orc warrior
Aim: an orc warrior, wielding a dire flail and wearing a chain mail The blast of sand hits the orc warrior.
b - 26 stones The orc warrior throws a stone.
The stone hits you.
You die...

.).........##..#
..............# #
...........##..## #.
##...####### ..###.
#...# #..#.# #.#.#
####.... #...# #......#
##...### #. #.#.##
.......## #. #.@..#
.#......# #. #.#..##
........# #.##<#...#.
........####..o........
.......†......###.#.###
.#..#.#..#.##.# #.##
.........#.##.# ##
.##.#.##.#.##†#
......##.#.##.#


You could see an orc warrior.

Vanquished Creatures
  Robin (D:2)
  2 worms (D:2)
  3 dart slugs
  A leopard gecko (D:2)
  3 orcs (D:2)
  A bat (D:2)
  3 giant cockroaches
  16 goblins
  4 hobgoblins
  3 ball pythons
  4 frilled lizards
  A kobold (D:2)
  8 rats
50 creatures vanquished.

Notes
Turn   | Place    | Note
-------+----------+-------------------------------------------
     0 | D:1      | pstr the Spriggan Earth Elementalist began the quest for the Orb.
     0 | D:1      | Reached XP level 1. HP: 9/9 MP: 5/5
   250 | D:1      | Reached XP level 2. HP: 13/13 MP: 0/6
  1023 | D:2      | Reached XP level 3. HP: 16/16 MP: 1/8
  1025 | D:2      | Noticed Robin
  1383 | D:2      | Killed Robin
  1573 | D:2      | Learned a level 3 spell: Stone Arrow
  2015 | D:2      | Noticed an orc warrior
  2150 | D:2      | Reached XP level 4. HP: 12/21 MP: 6/10
  2665 | D:2      | Hit by a stone thrown by an orc warrior

Skill      XL: |  1  2 |
---------------+-------+-----
Earth Magic    | 3 |  3.8
Spellcasting   | 3 |  3.9
Dodging        | |  3.2
Stealth        | |  3.4
Conjurations   | |  0.1
Transmutations | |  1.3

Action                   |  1- 3 |  4- 6 || total
-------------------------+-------+-------++-------
Melee: Unarmed           |     1 |       ||     1
       Short sword       |       |     1 ||     1
 Cast: Sandblast         |    62 |     5 ||    67
       Stone Arrow       |     5 |    10 ||    15
Armor: Robe              |     1 |       ||     1
Dodge: Dodged            |    17 |     4 ||    21
